 Dungeon Crawl Stone Soup version 0.17-a0-1570-g74b7129 (webtiles) character file.

39 abixa the Cudgeler (level 3, 0/36 HPs)
             Began as an Ogre Warper on July 23, 2015.
             Hit by a stone thrown by a kobold (4 damage)
             ... on level 2 of the Dungeon.
             The game lasted 00:03:13 (1284 turns).

abixa the Cudgeler (Ogre Warper)                    Turns: 1284, Time: 00:03:13

Health: 0/36       AC:  3    Str: 16    XL:     3   Next: 47%
Magic:  6/6        EV: 10    Int: 13    God:
Gold:   86         SH:  0    Dex:  9    Spells: 2 memorised, 3 levels left

rFire  . . .     SeeInvis .     a - +0 mace
rCold  . . .     Clarity  .     b - +0 robe
rNeg   . . .     SustAt   .     (no shield)
rPois  .         Gourm    .     (helmet restricted)
rElec  .         Spirit   .     (no cloak)
rCorr  .         Warding  .     (gloves unavailable)
rMut   .         Stasis   .     (boots unavailable)
MR     .....                    (no amulet)
Stlth  +.........               (no ring)
                                (no ring)

@: not resistant to hostile enchantments, very unstealthy
A: unfitting armour, tough skin 1
a: no special abilities


You were on level 2 of the Dungeon.
You were not hungry.

You visited 1 branch of the dungeon, and saw 2 of its levels.

You collected 86 gold pieces.

Inventory:

Hand weapons
 a - a +0 mace (weapon)
Missiles
 e - 5 tomahawks of dispersal (quivered)
 h - 55 stones
Armour
 b - a +0 robe (worn)
Scrolls
 d - a scroll of blinking
 g - a scroll of remove curse {unknown}
 i - a scroll of amnesia {unknown}
 j - a scroll of identify {unknown}
 m - a scroll of fear {unknown}
 p - a scroll of noise {unknown}
Potions
 k - a potion of resistance {unknown}
 l - a potion of might {unknown}
 n - a potion of curing {unknown}
 q - a potion of brilliance {unknown}
Books
 c - a book of Spatial Translocations

   Spells                             Type                      Level
   a - Apportation                    Translocation                1
   b - Blink                          Translocation                2
   c - Shroud of Golubria             Charms/Translocation         2
   d - Portal Projectile              Translocation                3
   e - Teleport Other                 Translocation                3
   f - Passage of Golubria            Translocation                4
Comestibles
 f - a bread ration
 o - a chunk of flesh


   Skills:
 - Level 2.6 Fighting
 + Level 5.0 Maces & Flails
 - Level 1.1 Throwing
 - Level 2.1 Dodging
 - Level 2.4 Spellcasting
 - Level 2.1 Translocations


You had 3 spell levels left.
You knew the following spells:

 Your Spells              Type           Power        Failure   Level  Hunger
a - Apportation           Tloc           #.........   12%         1    #......
b - Blink                 Tloc           N/A          17%         2    ###....


Dungeon Overview and Level Annotations

Branches:
Dungeon (2/15)

Altars:
Kikubaaqudgha


Innate Abilities, Weirdness & Mutations

You are too large for most types of armour.
You have tough skin (AC +1).


Message History

* * * LOW HITPOINT WARNING * * *
You miss the giant gecko.
The giant gecko is severely wounded.
The giant gecko barely misses you. The giant gecko bites you.
* * * LOW HITPOINT WARNING * * *
Press: ? - help, v - describe, . - travel
Here: a kobold The floor.
You barely miss the giant gecko.
The giant gecko is severely wounded.
The giant gecko bites you.
* * * LOW HITPOINT WARNING * * *
You sock the giant gecko!
You kill the giant gecko!
Your Maces & Flails skill increases to level 5!
The kobold throws a stone.
The stone completely misses you.
The kobold throws a stone.
The stone barely misses you.
The kobold throws a stone.
The stone barely misses you.
The kobold throws a stone.
The stone hits you.
You die...

.......#........#
# ##.#. #..(# .#.
..... ##S## #.#
####. #K# #.# #<
#.# #.# #. #.#
#.######. #.#
#........ #.#
#.######.
#@#########.# #.
#(.......##.# #.
########.##.# #.
#.##.######.
#...........
####........
#########


You could see an adder and a kobold.

Vanquished Creatures
  An adder (D:2)
  A giant gecko (D:2)
  A ball python (D:1)
  2 giant cockroaches (D:1)
  4 goblins (D:1)
  3 hobgoblins
  3 jackals (D:1)
  7 bats (D:1)
  2 giant newts (D:1)
  5 kobolds (D:1)
  A rat (D:1)
30 creatures vanquished.

Notes
Turn   | Place    | Note
--------------------------------------------------------------
     0 | D:1      | abixa the Ogre Warper began the quest for the Orb.
     0 | D:1      | Reached XP level 1. HP: 22/22 MP: 3/3
    80 | D:1      | Reached skill level 3 in Maces & Flails
   187 | D:1      | Reached XP level 2. HP: 29/29 MP: 5/5
   277 | D:1      | Reached skill level 4 in Maces & Flails
   665 | D:1      | Reached XP level 3. HP: 22/36 MP: 6/6
  1093 | D:2      | Learned a level 2 spell: Blink
  1199 | D:2      | Found an ancient bone altar of Kikubaaqudgha.
  1280 | D:2      | Reached skill level 5 in Maces & Flails
  1284 | D:2      | Hit by a stone thrown by a kobold

Vault maps used:
D:1:      minmay_arrival_plants_in_alcoves, patterned_corridor
D:2:      lemuel_crystal_altar, grunt_gozag_breadcrumbs, first_bread,
          minmay_misc_feat_diagonals, kennysheep_generic_room_10

Action                   || total
-------------------------++-------
Melee: Mace              ||    95
  Eat: Chunk             ||     1
